 Dungeon Crawl Stone Soup version 0.26-b1-32-g5d43845318 (webtiles) character file.

Game seed: 13253749514631381303

333 Borgoz the Cudgeller (level 6, -1/37 HPs)
             Began as a Gargoyle Gladiator on Jan 11, 2021.
             Slain by Crazy Yiuf
             ... wielding a +3 quarterstaff of chaos
              (7 damage)
             ... on level 3 of the Dungeon.
             The game lasted 00:02:37 (1883 turns).

Borgoz the Cudgeller (Gargoyle Gladiator)           Turns: 1883, Time: 00:02:38

Health: -1/37      AC:  8    Str: 17    XL:     6   Next: 52%
Magic:  5/6        EV: 12    Int:  9    God:
Gold:   201        SH:  3    Dex: 13    Spells: 5/5 levels left

rFire    . . .     SeeInvis .   a - +0 flail
rCold    . . .     Faith    .   f - +0 buckler
rNeg     + . .     Spirit   .   b - +0 leather armour
rPois    ∞         Reflect  .   c - +0 helmet
rElec    +         Harm     .   (no cloak)
rCorr    .         Rampage  .   (no gloves)
Will     .....                  (no boots)
Stlth    +.........             j - amulet of regeneration
HPRegen  0.52/turn              (no ring)
MPRegen  0.10/turn              p - +4 ring of slaying

@: very slightly contaminated, slowed, invisible, very slow
A: negative energy resistance 1, electricity resistance, unbreathing,
petrification resistance, miasma immunity, AC +4
a: no special abilities


You were on level 3 of the Dungeon.
You visited 1 branch of the dungeon, and saw 3 of its levels.

You collected 201 gold pieces.

Inventory:

Hand Weapons
 a - a +0 flail (weapon)
Armour
 b - a +0 leather armour (worn)
 c - a +0 helmet (worn)
 f - a +0 buckler (worn)
Jewellery
 j - an amulet of regeneration (around neck)
 k - an uncursed ring of flight
 o - an uncursed amulet of reflection
 p - a +4 ring of slaying (right hand)
Scrolls
 e - 2 scrolls of amnesia {unknown}
 h - a scroll of fear {unknown}
 l - a scroll of remove curse {unknown}
 m - a scroll of random uselessness {unknown}
 n - a scroll of blinking {unknown}
 r - a scroll of teleportation {unknown}
 s - a scroll of noise {unknown}
Potions
 g - a potion of flight
 i - 4 potions of curing


   Skills:
 + Level 3.5 Fighting
 * Level 4.7 Maces & Flails
 - Level 1.7 Throwing
 + Level 2.5 Armour
 * Level 3.9 Dodging


You had 5 spell levels left.
You didn't know any spells.
Your spell library contained the following spells:

 Spells                   Type           Power        Failure   Level
 Magic Dart               Conj           0%           63%         1
 Blink                    Tloc           N/A          77%         2
 Call Imp                 Summ           0%           77%         2
 Slow                     Hex            0%           77%         2
 Conjure Flame            Conj/Fire      0%           94%         3
 Mephitic Cloud           Conj/Pois/Air  0%           94%         3


Dungeon Overview and Level Annotations

Branches:
Dungeon (3/15)

Altars:
Gozag
Ru
Sif Muna
Uskayaw
Xom
Yredelemnul

Annotations:
D:3 Crazy Yiuf


Innate Abilities, Weirdness & Mutations

You are resistant to torment.
Your stone body is resilient. (AC +4)
You are immune to poison.
You resist negative energy. (rN+)
You are resistant to electric shocks. (rElec)
You can survive without breathing.
You are immune to petrification.
You are immune to miasma.


Message History

You feel your power leaking away.
You barely miss Crazy Yiuf.
Crazy Yiuf is heavily wounded.
You block Crazy Yiuf's attack.
You strike the helpless Crazy Yiuf from behind!
You hit Crazy Yiuf.
Crazy Yiuf is severely wounded.
Crazy Yiuf hits you with a +3 quarterstaff of chaos.
* * * LOW HITPOINT WARNING * * *
Crazy Yiuf freezes you.
* * * LOW HITPOINT WARNING * * *
Crazy Yiuf closely misses you.
You strike the helpless Crazy Yiuf from behind!
You hit Crazy Yiuf.
Crazy Yiuf is almost dead.
Crazy Yiuf whimpers, "Gnoll turtle seventy!"
Crazy Yiuf misses you.
Crazy Yiuf says, "East poople infinity!"
Crazy Yiuf hits you with a +3 quarterstaff of chaos!
You die...

#.......#
#.#####.#
#.#####.# ##
####<##.# #.
#..#.# #. ##♣♣♣♣♣
##.#.####.
###...♣.♣♣♣ ###
#....<....
##....P.♣..♣#...#
#########.
#....PP♣♣♣♣@g..(#
#. ##..#..♣♣
♣♣#..)# #.
#..###♣♣ ###
###### ## #.##
#)...## #.#
#.....#### #.#
###......... ##.#
#.......#### #..#
#(....>.####
##.##
#.#####.##..


You could see Crazy Yiuf.

Vanquished Creatures
  An ice beast (D:3)
  A centaur (D:2)
  A hound (D:2)
  Jessica (D:3)
  Terence (D:3)
  2 adders (D:2)
  An ooze (D:3)
  A worm (D:2)
  3 leopard geckos
  4 bats
  3 giant cockroaches
  10 goblins
  5 hobgoblins
  A quokka (D:2)
  2 ball pythons
  3 frilled lizards (D:1)
  4 kobolds
  8 rats
52 creatures vanquished.

Notes
Turn   | Place    | Note
-------+----------+-------------------------------------------
     0 | D:1      | Borgoz the Gargoyle Gladiator began the quest for the Orb.
     0 | D:1      | Reached XP level 1. HP: 12/12 MP: 1/1
   111 | D:1      | Reached XP level 2. HP: 17/17 MP: 2/2
   507 | D:2      | Reached XP level 3. HP: 22/22 MP: 3/3
   584 | D:2      | Reached skill level 1 in Armour
   611 | D:2      | Found a basalt altar of Yredelemnul.
   709 | D:2      | You fall into a shaft and drop 1 floor!
   747 | D:3      | Found a runed translucent door.
   748 | D:3      | Noticed Crazy Yiuf
   836 | D:2      | Found a hide-covered altar of Uskayaw.
   859 | D:2      | Reached XP level 4. HP: 25/27 MP: 4/4
   955 | D:2      | Noticed a centaur
   964 | D:2      | Killed a centaur
   965 | D:2      | Reached skill level 4 in Maces & Flails
   965 | D:2      | Reached XP level 5. HP: 20/32 MP: 5/5
  1303 | D:3      | Found a sacrificial altar of Ru.
  1315 | D:3      | Noticed an ice beast
  1331 | D:3      | Killed an ice beast
  1332 | D:3      | Reached XP level 6. HP: 27/37 MP: 6/6
  1489 | D:3      | Found a shimmering blue altar of Sif Muna.
  1530 | D:3      | Noticed Jessica
  1531 | D:3      | Noticed Terence
  1537 | D:3      | Killed Terence
  1542 | D:3      | Killed Jessica
  1682 | D:3      | Found an opulent altar of Gozag.
  1772 | D:3      | Found a shimmering altar of Xom.
  1773 | D:3      | Found a shimmering altar of Xom.
  1774 | D:3      | Found a shimmering altar of Xom.
  1774 | D:3      | Found a shimmering altar of Xom.
  1774 | D:3      | Found a shimmering altar of Xom.
  1883 | D:3      | Slain by Crazy Yiuf

Illustrated notes

Levels and vault maps discovered:
D:1:      lightli_arrival_chessboard, layout_rooms, serial_corexii_hall,
          corexii_hall_statues_x, corexii_hall_statues_i
D:2:      layout_loops_ring, lemuel_crystal_altar, minmay_misc_feat_enclosed,
          yredelemnul_altar_generic
D:3:      layout_loops_cross, grunt_gozag_breadcrumbs, old_standard_altar,
          lemuel_blue_sif_altar, xom_redecorated, uniq_crazy_yiuf_cottage,
          uniq_jessica, uniq_terence

Skill      XL: |  1  2  3  4  5 |
---------------+----------------+-----
Armour         | 1 2 |  2.5
Dodging        | 3 |  3.9
Fighting       | 3 |  3.5
Maces & Flails | 4 |  4.7
Throwing       | |  1.7

Action                   |  1- 3 |  4- 6 || total
-------------------------+-------+-------++-------
Melee: Flail             |    95 |    68 ||   163
Throw: Throwing net      |       |     3 ||     3
  Use: Scroll            |       |     3 ||     3
 Stab: Invisible         |       |     2 ||     2
Armor: Leather armour    |    28 |    25 ||    53
Dodge: Dodged            |    55 |    45 ||   100
Block: Buckler           |     9 |     7 ||    16
